AoeStats
← ThePotatoSack

Arena

507397969Analyzed
2v2 RM · 14d ago on Sep 18, 2026· 40m 21s· 4 players
Game mode
Random Map
Map size
Medium (4 player)
Population
200
Speed
Normal
Resources
Standard
Victory
Conquest
Starting age
Dark Age
Ending age
Imperial Age
RankedLock teamsTeams togetherTeam positionsShared explorationLock speedFull tech treeHidden civsTurbo modeCheats
Victory
Defeat
🇨🇱 Lithuanians · Chile
930
+10
🇨🇳 Sicilians · China
880
+12
🇺🇸 Byzantines · United States
808
-12
🇨🇦 Dravidians · Canada
760
-10
猫咪先生
11:24 Feudal Age
11:56 Double-Bit Axe
17:24 Castle Age
16:39 Horse Collar
23:38 Heavy Plow
23:56 Bow Saw
30:23 Imperial Age
28:35 Wheelbarrow
27:54 Loom
29:36 First Crusade
29:20 Gambesons
29:35 Squires
29:23 Arson
30:18 Scale Mail Armor
30:28 Forging
30:42 Gold Mining
30:42 Stone Mining
31:44 Conscription
30:50 Capped Ram
32:12 Crop Rotation
31:46 Elite Serjeant
33:26 Hand Cart
32:57 Town Watch
34:03 Chain Mail Armor
34:24 Iron Casting
33:50 Siege Ram
36:41 Plate Mail Armor
37:12 Blast Furnace
37:04 Gold Shaft Mining
37:05 Stone Shaft Mining
38:34 Hauberk
CLaudio VIII
6:14 Loom
9:02 Feudal Age
15:51 Castle Age
14:48 Double-Bit Axe
14:48 Horse Collar
24:23 Fervor
30:29 Heavy Plow
31:56 Gold Mining
33:49 Bow Saw
34:51 Fortified Wall
38:17 Imperial Age
36:20 Forging
36:01 Fletching
36:42 Ballistics
38:20 Wheelbarrow
40:06 Hand Cart
tryhuba
0:43 Loom
13:41 Feudal Age
15:01 Wheelbarrow
14:09 Horse Collar
14:17 Double-Bit Axe
17:22 Stone Mining
17:27 Gold Mining
21:06 Forging
20:57 Scale Mail Armor
20:54 Town Watch
25:30 Castle Age
23:35 Arson
26:27 Hand Cart
26:28 Bow Saw
26:20 Heavy Plow
25:44 Pikeman
26:28 Squires
26:14 Gambesons
25:52 Man-at-Arms
27:13 Iron Casting
26:54 Chain Mail Armor
28:35 Long Swordsman
30:35 Town Patrol
30:47 Town Patrol
32:39 Caravan
34:06 Fortified Wall
34:57 Ballistics
37:26 Imperial Age
35:57 Masonry
37:29 Husbandry
37:55 Chain Mail Armor
37:45 Scale Barding Armor
38:13 Medical Corps
38:38 Conscription
38:21 Two-Handed Swordsman
39:28 Champion
ThePotatoSack
9:55 Loom
12:31 Feudal Age
17:18 Castle Age
21:05 Pikeman
27:21 Double-Bit Axe
27:17 Horse Collar
31:43 Forging
31:33 Scale Mail Armor
33:28 Gold Mining
33:37 Stone Mining
35:03 Wheelbarrow
37:14 Fletching
37:24 Padded Archer Armor
Connection lost

Rejoining the realm…

Still unreachable

The connection could not be restored.

Session expired

The server has moved on; the page needs a fresh start.